 Dungeon Crawl Stone Soup version 0.25.0-9-g26727b657a (webtiles) character file.

Game seed: 18172354422040941004

78 Esekla the Skirmisher (level 4, -1/32 HPs)
             Began as an Octopode Abyssal Knight on June 16, 2020.
             Was a Follower of Lugonu.
             Slain by Grinder (4 damage)
             ... while paralysed by Grinder
             ... on level 3 of the Dungeon.
             The game lasted 00:05:25 (1007 turns).

Esekla the Skirmisher (Octopode Abyssal Knight)     Turns: 1007, Time: 00:05:25

Health: -1/32      AC:  1    Str: 11    XL:     4   Next: 36%
Magic:  14/14      EV:  2    Int: 14    God:    Lugonu [*.....]
Gold:   137        SH:  0    Dex: 12    Spells: 3/3 levels left

rFire    . . .     SeeInvis .   a - +1 falchion
rCold    . . .     Gourm    .   (no shield)
rNeg     . . .     Faith    .   (helmet restricted)
rPois    .         Spirit   .   (no amulet)
rElec    .         Reflect  .   d - ring of magical power
rCorr    .         Harm     .   (no ring)
MR       .....                  (no ring)
Stlth    +++.......             (no ring)
HPRegen  0.10/turn              (no ring)
MPRegen  0.14/turn              (no ring)
                                (no ring)
                                (no ring)

@: paralysed, lethally poisoned (-1 -> -3)
A: almost no armour, stealthy swim, amphibious, 8 rings, constrict 8, camouflage
1, gelatinous body 1
a: Depart the Abyss, Renounce Religion


You were on level 3 of the Dungeon.
You worshipped Lugonu.
Lugonu was aware of your devotion.
You were not hungry.

You visited 1 branch of the dungeon, and saw 3 of its levels.
You visited the Abyss 1 time.

You collected 137 gold pieces.

Inventory:

Hand Weapons
 a - a +1 falchion (weapon)
Jewellery
 d - a ring of magical power (left tentacle)
Scrolls
 c - 3 scrolls of identify {unknown}
 e - 2 scrolls of teleportation {unknown}
 g - a scroll of remove curse {unknown}
 h - a scroll of magic mapping {unknown}
 i - a scroll of amnesia {unknown}
 m - 3 scrolls of blinking {unknown}
Potions
 f - 2 potions of lignification {unknown}
 j - a potion of might {unknown}
 k - 2 potions of heal wounds {unknown}
 l - 2 potions of haste {unknown}
 n - a potion of invisibility {unknown}
Comestibles
 b - 2 rations


   Skills:
 + Level 3.6 Fighting
 * Level 3.0 Long Blades
 * Level 3.2 Dodging
 + Level 1.2 Stealth
 + Level 2.1 Invocations


You had 3 spell levels left.
You didn't know any spells.
Your spell library was empty.

Dungeon Overview and Level Annotations

Branches:
Dungeon (3/15)

Altars:
Makhleb

Annotations:
D:3 Grinder


Innate Abilities, Weirdness & Mutations

You cannot wear most types of armour.
You are very stealthy in the water. (Stealth+)
You are amphibious.
You can wear up to eight rings at the same time.
You can use your tentacles to constrict eight enemies at once.
Your skin changes colour to match your surroundings (Stealth+).
Your rubbery body absorbs attacks. (AC +1, EV +1)


Message History

You constrict Grinder, but do no damage.
Grinder hits you.
You hit Grinder but do no damage.
Grinder is moderately wounded.
You constrict Grinder. Grinder barely misses you.
You riposte.
You hit Grinder. You squeeze Grinder.
Grinder is moderately wounded.
You barely miss Grinder.
Grinder is moderately wounded.
You constrict Grinder.
You feel sick. Grinder barely misses you. Grinder gestures at you.
You suddenly lose the ability to move!
You lose your grip on Grinder.
Grinder hits you!
* * * LOW HITPOINT WARNING * * *
You writhe in agony.
* * * LOW HITPOINT WARNING * * *
Grinder hits you.
* * * LOW HITPOINT WARNING * * *
You writhe in agony.
You die...

... ... ... #.# #.#
#.# #5##.##.#
#@##.##.# #)##.##.#
#########.##.##.#
#......##.##.##.#
#.####.##.##.##.#.#.#
#.# #.##.##..#.#.#.#
#.# #.##((.....#.#.#
#.# #.######.....#.#
#.# #.......#....#.#


You could see Grinder.

Vanquished Creatures
  A crimson imp (D:3)
  An adder (D:2)
  A leopard gecko (D:3)
  3 goblins
  4 hobgoblins
  7 jackals
  5 kobolds
  5 bats
  A frilled lizard (D:2)
  5 rats
33 creatures vanquished.

Notes
Turn   | Place    | Note
-------+----------+-------------------------------------------
     0 | Abyss:1  | Esekla the Octopode Abyssal Knight began the quest for the
                  | Orb.
     0 | Abyss:1  | Reached XP level 1. HP: 16/16 MP: 2/2
    67 | Abyss:1  | Noticed a tentacled starspawn
    68 | Abyss:1  | Noticed a ynoxinul
    74 | D:1      | Escaped the Abyss
   237 | D:1      | Reached XP level 2. HP: 19/21 MP: 3/3
   476 | D:1      | Reached * piety under Lugonu
   659 | D:2      | Reached XP level 3. HP: 16/26 MP: 4/4
   903 | D:3      | Reached skill level 1 in Stealth
   903 | D:3      | Reached XP level 4. HP: 21/31 MP: 5/5
   931 | D:3      | Found a burning altar of Makhleb.
   996 | D:3      | Noticed Grinder
  1005 | D:3      | Paralysed by Grinder for 3 turns
  1007 | D:3      | Slain by Grinder

Illustrated notes

Levels and vault maps discovered:
D:1:      evilmike_arrival_rings, layout_basic, minmay_octomino_c4
D:2:      layout_basic
D:3:      layout_basic, bloody_makhleb, nrook_campfire, uniq_grinder

Skill      XL: |  1  2  3  4 |
---------------+-------------+-----
Dodging        | 3 |  3.2
Stealth        | 1 |  1.2
Long Blades    | 3 |  3.0
Fighting       | |  3.6
Invocations    | |  2.1

Action                   |  1- 3 |  4- 6 || total
-------------------------+-------+-------++-------
Melee: Falchion          |    50 |    10 ||    60
       Constrict         |    10 |     3 ||    13
       Tentacles         |     5 |     4 ||     9
Invok: Depart the Abyss  |     1 |       ||     1
 Stab: Sleeping          |     4 |       ||     4
Armor: Skin              |     5 |     1 ||     6
Dodge: Dodged            |    31 |     6 ||    37
       Rpst.: Falchion   |     8 |     2 ||    10
